Workbook

Sheet Cronograma
A1: =[1]SINTÉTICO!A1 -> DADOS DA OBRA
A2: ASSUNTO | B2: CRONOGRAMA FÍSICO-FINANCEIRO
A3: OBRA | B3: ='Resumo Geral'!B3 -> ESTACIONAMENTO NO CANTEIRO CENTRAL DA AV.DAS PALMEIRAS
A4: ÁREA DE CONSTRUÇAO (M²) | B4: 2668.6
A5: PROPRIETARIO | B5: ='Resumo Geral'!B5 -> PREFEITURA MUNICIPAL DE SINOP
A6: CIDADE | B6: ='Resumo Geral'!B6 -> SINOP
A7: ENDEREÇO | B7: ='Resumo Geral'!B7 -> CANTEIRO CENTRAL DA AV. DAS PALMEIRAS (ENTRE AV.ANDRÉ MAGGI E AV.DOS IPÊS)
A8: DESCRIÇAO | B8: ='Resumo Geral'!B8:B9 -> CONSTRUÇÃO DE ESTACIONAMENTO EM PAVER
A9: TABELA REFERENCIA | B9: ='Resumo Geral'!B10 -> MT-2024-FEVEREIRO-NÃO DESONERADO-SINAPI
A10: TABELA REFERENCIA | B10: ='Resumo Geral'!B11 -> SP-2023-NOVEMBRO -NÃO DESONERADO -CPOS/CDHU
A11: TABELA REFERENCIA | B11: ='Resumo Geral'!B12 -> CE-2023-OUTUBRO-NÃO DESONERADO-SEINFRA
A12: UF | B12: ='Resumo Geral'!B13 -> MT
A13: RESPONSAVEL TECNICO | B13: ='Resumo Geral'!B14 -> ENGENHEIRO CIVIL: JAISON ANDREY SEGAT - CREA 1219814750
A15: =B2 -> CRONOGRAMA FÍSICO-FINANCEIRO | E15: CRONOGRAMA FÍSICO-FINANCEIRO | H15: CRONOGRAMA FÍSICO-FINANCEIRO
A16: Item | B16: Descrição | C16: TOTAIS | E16: 30 dias | H16: 60 dias
C17: Total | D17: Incidencia | E17: R$ | F17: % | G17: % AC. | H17: R$ | I17: % | J17: % AC.
A18: 1 | B18: ='Resumo Geral'!B19 -> ADMINISTRAÇÃO DE OBRA | C18: ='Resumo Geral'!C19 -> 32100.92 | D18: =C18/$C$23 -> 0.067891467 | E18: =$C18*F18 -> 16050.46 | F18: =1/2 -> 0.5 | G18: =F18 -> 0.5 | H18: =$C18*I18 -> 16050.46 | I18: =1/2 -> 0.5 | J18: =I18+F18 -> 1
A19: 2 | B19: ='Resumo Geral'!B20 -> SERVIÇOS PRELIMINARES | C19: ='Resumo Geral'!C20 -> 1844.95 | D19: =C19/$C$23 -> 0.0039019555 | E19: =$C19*F19 -> 922.475 | F19: =1/2 -> 0.5 | G19: =F19 -> 0.5 | H19: =$C19*I19 -> 922.475 | I19: =1/2 -> 0.5 | J19: =I19+F19 -> 1
A20: 3 | B20: ='Resumo Geral'!B21 -> PREPARO DO TERRENO | C20: ='Resumo Geral'!C21 -> 17884.95 | D20: =C20/$C$23 -> 0.037825567 | E20: =$C20*F20 -> 8942.475 | F20: =1/2 -> 0.5 | G20: =F20 -> 0.5 | H20: =$C20*I20 -> 8942.475 | I20: =1/2 -> 0.5 | J20: =I20+F20 -> 1
A21: 4 | B21: ='Resumo Geral'!B22 -> ARTEFATOS DE CONCRETO E PINTURA | C21: ='Resumo Geral'!C22 -> 354253.44 | D21: =C21/$C$23 -> 0.74922419 | E21: =$C21*F21 -> 177126.72 | F21: =1/2 -> 0.5 | G21: =F21 -> 0.5 | H21: =$C21*I21 -> 177126.72 | I21: =1/2 -> 0.5 | J21: =I21+F21 -> 1
A22: 5 | B22: ='Resumo Geral'!B23 -> GRAMA | C22: ='Resumo Geral'!C23 -> 66742.76 | D22: =C22/$C$23 -> 0.14115682 | E22: =$C22*F22 -> 33371.38 | F22: =1/2 -> 0.5 | G22: =F22 -> 0.5 | H22: =$C22*I22 -> 33371.38 | I22: =1/2 -> 0.5 | J22: =I22+F22 -> 1
A23: VALOR TOTAL | C23: ='Resumo Geral'!C24 -> 472827.02 | D23: =SUM(D18:D22) -> 1

Sheet BDI
A1: DADOS
A2: ASSUNTO | B2: RESUMO GERAL
A3: OBRA | B3: ESTACIONAMENTO NO CANTEIRO CENTRAL DA AV.DAS PALMEIRAS
A4: ÁREA DE CONSTRUÇAO (M²) | B4: 2668.6
A5: PROPRIETARIO | B5: =[1]SINTÉTICO!$B$5 -> PREFEITURA MUNICIPAL DE SINOP
A6: CIDADE | B6: =[1]SINTÉTICO!$B$6 -> SINOP
A7: ENDEREÇO | B7: CANTEIRO CENTRAL DA AV. DAS PALMEIRAS (ENTRE AV.ANDRÉ MAGGI E AV.DOS IPÊS)
A8: DESCRIÇAO | B8: CONSTRUÇÃO DE ESTACIONAMENTO EM PAVER
A10: TABELA REFERENCIA | B10: MT-2024-FEVEREIRO-NÃO DESONERADO-SINAPI
A11: TABELA REFERENCIA | B11: SP-2023-NOVEMBRO -NÃO DESONERADO -CPOS/CDHU
A12: TABELA REFERENCIA | B12: CE-2023-OUTUBRO-NÃO DESONERADO-SEINFRA
A13: UF | B13: MT
A14: RESPONSAVEL TECNICO | B14: ENGENHEIRO CIVIL: JAISON ANDREY SEGAT - CREA 1219814750
A16: COMPOSIÇÃO DO BDI PARA SERVIÇOS
A18: Administração central | C18: 0.04 | D18: AC
A19: Custos financeiros | C19: 0.0123 | D19: DF
A20: Seguros e Garantias | C20: 0.008 | D20: R
A21: Riscos | C21: 0.0127 | D21: R
A22: Lucro operacional | C22: 0.074 | D22: L
A23: PIS | C23: 0.0065 | D23: I
A24: COFINS | C24: 0.03 | D24: I
A25: ISSQN | C25: 0.02 | D25: I
A26: (**) CONTRIBUIÇÃO PREVIDENCIÁRIA SOBRE A RECEITA BRUTA. ALÍQUOTA DEFINIDA PELA LEI 12.844/2013.
A27: (*) ESTA COMPOSIÇÃO DO BDI SEGUE AS ORIENTAÇÕES DO ACÓRDÃO 2622/2013 DO TCU.
A31: BDI = | B31: =(((1+C18+C20+C21)*(1+C19)*(1+C22)))/(1-(C23+C24+C25))-1 -> 0.22226164
A33: ____________________________________________________
A34: JAISON ANDREY SEGAT
A35: Engenheiro Civil - CREA RN 1219814750

Sheet Resumo Geral
A1: DADOS
A2: ASSUNTO | B2: RESUMO GERAL
A3: OBRA | B3: ESTACIONAMENTO NO CANTEIRO CENTRAL DA AV.DAS PALMEIRAS
A4: ÁREA DE CONSTRUÇAO (M²) | B4: 2668.6
A5: PROPRIETARIO | B5: =[1]SINTÉTICO!$B$5 -> PREFEITURA MUNICIPAL DE SINOP
A6: CIDADE | B6: =[1]SINTÉTICO!$B$6 -> SINOP
A7: ENDEREÇO | B7: CANTEIRO CENTRAL DA AV. DAS PALMEIRAS (ENTRE AV.ANDRÉ MAGGI E AV.DOS IPÊS)
A8: DESCRIÇAO | B8: CONSTRUÇÃO DE ESTACIONAMENTO EM PAVER
A10: TABELA REFERENCIA | B10: MT-2024-FEVEREIRO-NÃO DESONERADO-SINAPI
A11: TABELA REFERENCIA | B11: SP-2023-NOVEMBRO -NÃO DESONERADO -CPOS/CDHU
A12: TABELA REFERENCIA | B12: CE-2023-OUTUBRO-NÃO DESONERADO-SEINFRA
A13: UF | B13: MT
A14: RESPONSAVEL TECNICO | B14: ENGENHEIRO CIVIL: JAISON ANDREY SEGAT - CREA 1219814750
A16: =B2 -> RESUMO GERAL
A17: Item | B17: Descrição | C17: TOTAIS
C18: Total | D18: Incidencia
A19: =[1]SINTÉTICO!A22 -> 1. | B19: ADMINISTRAÇÃO DE OBRA | C19: =Orçamento!I8 -> 32100.92 | D19: =C19/C24 -> 0.067891467
A20: =[1]SINTÉTICO!A26 -> 2. | B20: SERVIÇOS PRELIMINARES | C20: =Orçamento!I12 -> 1844.95 | D20: =C20/C24 -> 0.0039019555
A21: =[1]SINTÉTICO!A45 -> 3. | B21: PREPARO DO TERRENO | C21: =Orçamento!I15 -> 17884.95 | D21: =C21/C24 -> 0.037825567
A22: =[1]SINTÉTICO!A48 -> 4. | B22: ARTEFATOS DE CONCRETO E PINTURA | C22: =Orçamento!I17 -> 354253.44 | D22: =C22/C24 -> 0.74922419
A23: 5. | B23: GRAMA | C23: =Orçamento!I23 -> 66742.76 | D23: =C23/C24 -> 0.14115682
A24: VALOR TOTAL | C24: =SUM(C19:C23) -> 472827.02 | D24: =SUM(D19:D23) -> 1

Sheet Orçamento
A2: Bancos: | D2: OBRA: ESTACIONAMENTO NO CANTEIRO CENTRAL DA AV.DAS PALMEIRAS
A3: SINAPI: MT 02/2024 - NÃO DESONERADA | D3: LOCAL: CANTEIRO CENTRAL DA AV. DAS PALMEIRAS (ENTRE AV.ANDRÉ MAGGI E AV.DOS IPÊS) | G3: BDI Pabrão - 22,23%
A4: SEINFRA: CE 10/2023 - NÃO DESONERADA | D4: BAIRRO: JARDIM IMPERIAL
A5: SP-2023-NOVEMBRO -NÃO DESONERADO -CPOS/CDHU | D5: MUNICÍPIO: SINOP - MT
A7: Item | B7: Código | C7: Banco | D7: Descrição | E7: Und | F7: Quant. | G7: Valor Unit | H7: Valor Unit com BDI | I7: Total | J7: Peso (%)
A8: 1 | D8: ADMINISTRAÇÃO DE OBRA | I8: 32100.92 | J8: 0.067891467
A9: 1.1 | B9: 90777 | C9: SINAPI | D9: ENGENHEIRO CIVIL DE OBRA JUNIOR COM ENCARGOS COMPLEMENTARES | E9: H | F9: 120 | G9: 116.87 | H9: 142.85 | I9: 17142 | J9: 0.036254273
A10: 1.1 | B10: 93572 | C10: SINAPI | D10: ENCARREGADO GERAL DE OBRAS COM ENCARGOS COMPLEMENTARES | E10: MES | F10: 2 | G10: 5256.98 | H10: 6425.6 | I10: 12851.2 | J10: 0.027179496
A11: 1.1 | B11: 00010775 | C11: SINAPI | D11: LOCACAO DE CONTAINER 2,30 X 6,00 M, ALT. 2,50 M, COM 1 SANITARIO, PARA ESCRITORIO, COMPLETO, SEM DIVISORIAS INTERNAS (NAO INCLUI MOBILIZACAO/DESMOBILIZACAO) | E11: MES | F11: 2 | G11: 862.2 | H11: 1053.86 | I11: 2107.72 | J11: 0.0044576979
A12: 2 | D12: SERVIÇOS PRELIMINARES | I12: 1844.95 | J12: 0.0039019555
A13: 2.1 | B13: 00004813 | C13: SINAPI | D13: PLACA DE OBRA (PARA CONSTRUCAO CIVIL) EM CHAPA GALVANIZADA *N. 22*, ADESIVADA, DE *2,4 X 1,2* M (SEM POSTES PARA FIXACAO) | E13: m² | F13: 4.5 | G13: 250 | H13: 305.57 | I13: 1375.06 | J13: 0.0029081671
A14: 2.2 | B14: 99064 | C14: SINAPI | D14: LOCAÇÃO DE PAVIMENTAÇÃO. AF_10/2018 | E14: M | F14: 1021.5 | G14: 0.38 | H14: 0.46 | I14: 469.89 | J14: 0.00099378838
A15: 3 | D15: PREPARO DO TERRENO | I15: 17884.95 | J15: 0.037825567
A16: 3.1 | B16: C4814 | C16: SEINFRA | D16: ATERRO COM PÓ DE PEDRA, ESPALHAMENTO E COMPACTAÇÃO MECÂNICA, C/ CONTROLE, MAT. DE AQUISIÇÃO | E16: m³ | F16: 133.43 | G16: 109.67 | H16: 134.04 | I16: 17884.95 | J16: 0.037825567
A17: 4 | D17: ARTEFATOS DE CONCRETO E PINTURA | I17: 354253.44 | J17: 0.74922419
A18: 4.1 | B18: 54.20.040 | C18: CPOS/CDHU | D18: Bate-roda em concreto pré-moldado | E18: M | F18: 81 | G18: 80.5 | H18: 98.39 | I18: 7969.59 | J18: 0.016855192
A19: 4.2 | B19: 94277 | C19: SINAPI | D19: ASSENTAMENTO DE GUIA (MEIO-FIO) EM TRECHO RETO, CONFECCIONADA EM CONCRETO PRÉ-FABRICADO, DIMENSÕES 80X08X08X25 CM (COMPRIMENTO X BASE INFERIOR X BASE SUPERIOR X ALTURA), PARA URBANIZAÇÃO INTERNA DE EMPREENDIMENTOS. AF_06/2016 | E19: M | F19: 1021.5 | G19: 42.52 | H19: 51.97 | I19: 53087.35 | J19: 0.11227647
A20: 4.2 | B20: 104658 | C20: SINAPI | D20: PISO PODOTÁTIL DE ALERTA OU DIRECIONAL, DE CONCRETO, ASSENTADO SOBRE ARGAMASSA. AF_05/2023 | E20: m² | F20: 23.1 | G20: 174.12 | H20: 212.82 | I20: 4916.14 | J20: 0.010397333
A21: 4.3 | B21: 92397 | C21: SINAPI | D21: EXECUÇÃO DE PAVIMENTO EM PISO INTERTRAVADO, COM BLOCO RETANGULAR COR NATURAL DE 20 X 10 CM, ESPESSURA 6 CM. AF_10/2022 | E21: m² | F21: 2668.6 | G21: 86.28 | H21: 105.46 | I21: 281430.55 | J21: 0.59520826
A22: 4.4 | B22: 102494 | C22: SINAPI | D22: PINTURA DE PISO COM TINTA EPÓXI, APLICAÇÃO MANUAL, 2 DEMÃOS, INCLUSO PRIMER EPÓXI. AF_05/2021 | E22: m² | F22: 99 | G22: 56.61 | H22: 69.19 | I22: 6849.81 | J22: 0.014486926
A23: 5 | D23: GRAMA | I23: 66742.76 | J23: 0.14115682
A24: 5.1 | B24: 103946 | C24: SINAPI | D24: PLANTIO DE GRAMA ESMERALDA OU SÃO CARLOS OU CURITIBANA, EM PLACAS. AF_05/2022 | E24: m² | F24: 2732 | G24: 19.99 | H24: 24.43 | I24: 66742.76 | J24: 0.14115682
F26: Total sem BDI | H26: 386849.91
F27: Total do BDI | H27: 85977.11
F28: Total Geral | H28: 472827.02

Sheet Planilha Analítica
B1: Bancos: | E1: =Orçamento!D2 -> OBRA: ESTACIONAMENTO NO CANTEIRO CENTRAL DA AV.DAS PALMEIRAS
B2: =Orçamento!A3 -> SINAPI: MT 02/2024 - NÃO DESONERADA | E2: =Orçamento!D3 -> LOCAL: CANTEIRO CENTRAL DA AV. DAS PALMEIRAS (ENTRE AV.ANDRÉ MAGGI E AV.DOS IPÊS) | F2: BDI Padrão - 22,23%
B3: =Orçamento!A4 -> SEINFRA: CE 10/2023 - NÃO DESONERADA | E3: =Orçamento!D4 -> BAIRRO: JARDIM IMPERIAL
B4: =Orçamento!A5 -> SP-2023-NOVEMBRO -NÃO DESONERADO -CPOS/CDHU | E4: =Orçamento!D5 -> MUNICÍPIO: SINOP - MT
B6: 1 | E6: ADMINISTRAÇÃO DE OBRA | K6: 32100.92
B7: 1.1 | C7: Código | D7: Banco | E7: Descrição | F7: Tipo | H7: Und | I7: Quant. | J7: Valor Unit | K7: Total
B8: Composição | C8: 90777 | D8: SINAPI | E8: ENGENHEIRO CIVIL DE OBRA JUNIOR COM ENCARGOS COMPLEMENTARES | F8: SEDI - SERVIÇOS DIVERSOS | H8: H | I8: 1 | J8: 116.87 | K8: 116.87
B9: Composição Auxiliar | C9: 95402 | D9: SINAPI | E9: CURSO DE CAPACITAÇÃO PARA ENGENHEIRO CIVIL DE OBRA JÚNIOR (ENCARGOS COMPLEMENTARES) - HORISTA | F9: SEDI - SERVIÇOS DIVERSOS | H9: H | I9: 1 | J9: 1.91 | K9: 1.91
B10: Insumo | C10: 00002706 | D10: SINAPI | E10: ENGENHEIRO CIVIL DE OBRA JUNIOR (HORISTA) | F10: Mão de Obra | H10: H | I10: 1 | J10: 112.83 | K10: 112.83
B11: Insumo | C11: 00037372 | D11: SINAPI | E11: EXAMES - HORISTA (COLETADO CAIXA - ENCARGOS COMPLEMENTARES) | F11: Outros | H11: H | I11: 1 | J11: 1.34 | K11: 1.34
B12: Insumo | C12: 00037373 | D12: SINAPI | E12: SEGURO - HORISTA (COLETADO CAIXA - ENCARGOS COMPLEMENTARES) | F12: Taxas | H12: H | I12: 1 | J12: 0.04 | K12: 0.04
B13: Insumo | C13: 00043462 | D13: SINAPI | E13: FERRAMENTAS - FAMILIA ENGENHEIRO CIVIL - HORISTA (ENCARGOS COMPLEMENTARES - COLETADO CAIXA) | F13: Equipamento | H13: H | I13: 1 | J13: 0.01 | K13: 0.01
B14: Insumo | C14: 00043486 | D14: SINAPI | E14: EPI - FAMILIA ENGENHEIRO CIVIL - HORISTA (ENCARGOS COMPLEMENTARES - COLETADO CAIXA) | F14: Equipamento | H14: H | I14: 1 | J14: 0.74 | K14: 0.74
F15: MO sem LS => | G15: 114.74 | H15: LS => | I15: 0 | J15: MO com LS => | K15: 114.74
F16: Valor do BDI => | G16: 25.98 | I16: Valor com BDI => | K16: 142.85
H17: Quant. => | I17: 120 | J17: Preço Total => | K17: 17142
B19: 1.1 | C19: Código | D19: Banco | E19: Descrição | F19: Tipo | H19: Und | I19: Quant. | J19: Valor Unit | K19: Total
B20: Composição | C20: 93572 | D20: SINAPI | E20: ENCARREGADO GERAL DE OBRAS COM ENCARGOS COMPLEMENTARES | F20: SEDI - SERVIÇOS DIVERSOS | H20: MES | I20: 1 | J20: 5256.98 | K20: 5256.98
B21: Composição Auxiliar | C21: 95422 | D21: SINAPI | E21: CURSO DE CAPACITAÇÃO PARA ENCARREGADO GERAL DE OBRAS (ENCARGOS COMPLEMENTARES) - MENSALISTA | F21: SEDI - SERVIÇOS DIVERSOS | H21: MES | I21: 1 | J21: 85.04 | K21: 85.04
B22: Insumo | C22: 00040818 | D22: SINAPI | E22: ENCARREGADO GERAL DE OBRAS (MENSALISTA) | F22: Mão de Obra | H22: MES | I22: 1 | J22: 4657.66 | K22: 4657.66
B23: Insumo | C23: 00040863 | D23: SINAPI | E23: EXAMES - MENSALISTA (COLETADO CAIXA - ENCARGOS COMPLEMENTARES) | F23: Material | H23: MES | I23: 1 | J23: 252.08 | K23: 252.08
B24: Insumo | C24: 00040864 | D24: SINAPI | E24: SEGURO - MENSALISTA (COLETADO CAIXA - ENCARGOS COMPLEMENTARES) | F24: Material | H24: MES | I24: 1 | J24: 7.31 | K24: 7.31
B25: Insumo | C25: 00043475 | D25: SINAPI | E25: FERRAMENTAS - FAMILIA ENCARREGADO GERAL - MENSALISTA (ENCARGOS COMPLEMENTARES - COLETADO CAIXA) | F25: Equipamento | H25: MES | I25: 1 | J25: 18.73 | K25: 18.73
B26: Insumo | C26: 00043499 | D26: SINAPI | E26: EPI - FAMILIA ENCARREGADO GERAL - MENSALISTA (ENCARGOS COMPLEMENTARES - COLETADO CAIXA) | F26: Equipamento | H26: MES | I26: 1 | J26: 236.16 | K26: 236.16
F27: MO sem LS => | G27: 4742.7 | H27: LS => | I27: 0 | J27: MO com LS => | K27: 4742.7
F28: Valor do BDI => | G28: 1168.62 | I28: Valor com BDI => | K28: 6425.6
H29: Quant. => | I29: 2 | J29: Preço Total => | K29: 12851.2
B31: 1.1 | C31: Código | D31: Banco | E31: Descrição | F31: Tipo | H31: Und | I31: Quant. | J31: Valor Unit | K31: Total
B32: Insumo | C32: 00010775 | D32: SINAPI | E32: LOCACAO DE CONTAINER 2,30 X 6,00 M, ALT. 2,50 M, COM 1 SANITARIO, PARA ESCRITORIO, COMPLETO, SEM DIVISORIAS INTERNAS (NAO INCLUI MOBILIZACAO/DESMOBILIZACAO) | F32: Equipamento | H32: MES | I32: 1 | J32: 862.2 | K32: 862.2
F33: MO sem LS => | G33: 0 | H33: LS => | I33: 0 | J33: MO com LS => | K33: 0
F34: Valor do BDI => | G34: 191.66 | I34: Valor com BDI => | K34: 1053.86
H35: Quant. => | I35: 2 | J35: Preço Total => | K35: 2107.72
B37: 2 | E37: SERVIÇOS PRELIMINARES | K37: 1844.95
B38: 2.1 | C38: Código | D38: Banco | E38: Descrição | F38: Tipo | H38: Und | I38: Quant. | J38: Valor Unit | K38: Total
B39: Insumo | C39: 00004813 | D39: SINAPI | E39: PLACA DE OBRA (PARA CONSTRUCAO CIVIL) EM CHAPA GALVANIZADA *N. 22*, ADESIVADA, DE *2,4 X 1,2* M (SEM POSTES PARA FIXACAO) | F39: Material | H39: m² | I39: 1 | J39: 250 | K39: 250
F40: MO sem LS => | G40: 0 | H40: LS => | I40: 0 | J40: MO com LS => | K40: 0
F41: Valor do BDI => | G41: 55.57 | I41: Valor com BDI => | K41: 305.57
H42: Quant. => | I42: 4.5 | J42: Preço Total => | K42: 1375.06
B44: 2.2 | C44: Código | D44: Banco | E44: Descrição | F44: Tipo | H44: Und | I44: Quant. | J44: Valor Unit | K44: Total
B45: Composição | C45: 99064 | D45: SINAPI | E45: LOCAÇÃO DE PAVIMENTAÇÃO. AF_10/2018 | F45: SERT - SERVIÇOS TÉCNICOS | H45: M | I45: 1 | J45: 0.38 | K45: 0.38
B46: Composição Auxiliar | C46: 99058 | D46: SINAPI | E46: LOCAÇÃO DE PONTO PARA REFERÊNCIA TOPOGRÁFICA. AF_10/2018 | F46: SERT - SERVIÇOS TÉCNICOS | H46: UN | I46: 0.05 | J46: 7.64 | K46: 0.38
F47: MO sem LS => | G47: 0.28 | H47: LS => | I47: 0 | J47: MO com LS => | K47: 0.28
F48: Valor do BDI => | G48: 0.08 | I48: Valor com BDI => | K48: 0.46
H49: Quant. => | I49: 1021.5 | J49: Preço Total => | K49: 469.89
B51: 3 | E51: PREPARO DO TERRENO | K51: 17884.95
B52: 3.1 | C52: Código | D52: Banco | E52: Descrição | F52: Tipo | H52: Und | I52: Quant. | J52: Valor Unit | K52: Total
B53: Composição | C53: C4814 | D53: SEINFRA | E53: ATERRO COM PÓ DE PEDRA, ESPALHAMENTO E COMPACTAÇÃO MECÂNICA, C/ CONTROLE, MAT. DE AQUISIÇÃO | F53: ATERRO,REATERRO E COMPACTAÇÃO | H53: m³ | I53: 1 | J53: 109.67 | K53: 109.67
B54: Insumo | C54: I0706 | D54: SEINFRA | E54: CAMINHÃO TANQUE 6.000 l (CHP) | F54: Equipamento | H54: H | I54: 0.08 | J54: 184.89 | K54: 14.79
B55: Insumo | C55: I0725 | D55: SEINFRA | E55: COMPACTADOR DE PLACA VIBRATÓRIA HP 7 (CHP) | F55: Equipamento | H55: H | I55: 0.035 | J55: 51.51 | K55: 1.8
B56: Insumo | C56: I0765 | D56: SEINFRA | E56: RETRO ESCAVADEIRA DE PNEUS (CHP) | F56: Equipamento | H56: H | I56: 0.04 | J56: 140.73 | K56: 5.62
B57: Insumo | C57: I2403 | D57: SEINFRA | E57: PÓ DE PEDRA | F57: Material | H57: m³ | I57: 1.05 | J57: 77.13 | K57: 80.98
B58: Insumo | C58: I2543 | D58: SEINFRA | E58: SERVENTE | F58: Mão de Obra | H58: H | I58: 0.32 | J58: 20.26 | K58: 6.48
F59: MO sem LS => | G59: 6.48 | H59: LS => | I59: 0 | J59: MO com LS => | K59: 6.48
F60: Valor do BDI => | G60: 24.37 | I60: Valor com BDI => | K60: 134.04
H61: Quant. => | I61: 133.43 | J61: Preço Total => | K61: 17884.95
B63: 4 | E63: ARTEFATOS DE CONCRETO E PINTURA | K63: 354253.44
B64: 4.1 | C64: Código | D64: Banco | E64: Descrição | F64: Tipo | H64: Und | I64: Quant. | J64: Valor Unit | K64: Total
B65: Composição | C65: 54.20.040 | D65: CPOS/CDHU | E65: Bate-roda em concreto pré-moldado | F65: 54.2 | H65: M | I65: 1 | J65: 80.5 | K65: 80.5
B66: Insumo | C66: B.02.000.020508 | D66: CPOS/CDHU | E66: Cimento CPII-E-32 (sacos de 50 kg) | F66: Material | H66: KG | I66: 3.305 | J66: 0.58 | K66: 1.91
B67: Insumo | C67: B.01.000.010139 | D67: CPOS/CDHU | E67: Pedreiro | F67: Mão de Obra | H67: H | I67: 0.23 | J67: 24.79 | K67: 5.7
B68: Insumo | C68: B.04.000.020503 | D68: CPOS/CDHU | E68: Areia média lavada (a granel caçamba fechada) | F68: Material | H68: m³ | I68: 0.008 | J68: 155.38 | K68: 1.24
B69: Insumo | C69: B.01.000.010146 | D69: CPOS/CDHU | E69: Servente | F69: Mão de Obra | H69: H | I69: 0.41 | J69: 20.36 | K69: 8.34
B70: Insumo | C70: C.10.000.028153 | D70: CPOS/CDHU | E70: Bate-roda pré-fabricado em concreto aparente liso, com chumbador para fixação, cor natural - medidas: (13x17x180cm) ou (13x17x200cm) | F70: Material | H70: M | I70: 1 | J70: 63.31 | K70: 63.31
F71: MO sem LS => | G71: 14.04 | H71: LS => | I71: 0 | J71: MO com LS => | K71: 14.04
F72: Valor do BDI => | G72: 17.89 | I72: Valor com BDI => | K72: 98.39
H73: Quant. => | I73: 81 | J73: Preço Total => | K73: 7969.59
B75: 4.2 | C75: Código | D75: Banco | E75: Descrição | F75: Tipo | H75: Und | I75: Quant. | J75: Valor Unit | K75: Total
B76: Composição | C76: 94277 | D76: SINAPI | E76: ASSENTAMENTO DE GUIA (MEIO-FIO) EM TRECHO RETO, CONFECCIONADA EM CONCRETO PRÉ-FABRICADO, DIMENSÕES 80X08X08X25 CM (COMPRIMENTO X BASE INFERIOR X BASE SUPERIOR X ALTURA), PARA URBANIZAÇÃO INTERNA DE EMPREENDIMENTOS. AF_06/2016 | F76: DROP - DRENAGEM/OBRAS DE CONTENÇÃO / POÇOS DE VISITA E CAIXAS | H76: M | I76: 1 | J76: 42.52 | K76: 42.52
B77: Composição Auxiliar | C77: 88309 | D77: SINAPI | E77: PEDREIRO COM ENCARGOS COMPLEMENTARES | F77: SEDI - SERVIÇOS DIVERSOS | H77: H | I77: 0.2027 | J77: 25.62 | K77: 5.19
B78: Composição Auxiliar | C78: 88316 | D78: SINAPI | E78: SERVENTE COM ENCARGOS COMPLEMENTARES | F78: SEDI - SERVIÇOS DIVERSOS | H78: H | I78: 0.2027 | J78: 20.32 | K78: 4.11
B79: Composição Auxiliar | C79: 88629 | D79: SINAPI | E79: ARGAMASSA TRAÇO 1:3 (EM VOLUME DE CIMENTO E AREIA MÉDIA ÚMIDA), PREPARO MANUAL. AF_08/2019 | F79: SEDI - SERVIÇOS DIVERSOS | H79: m³ | I79: 0.0011 | J79: 725.31 | K79: 0.79
B80: Insumo | C80: 00000370 | D80: SINAPI | E80: AREIA MEDIA - POSTO JAZIDA/FORNECEDOR (RETIRADO NA JAZIDA, SEM TRANSPORTE) | F80: Material | H80: m³ | I80: 0.0066 | J80: 145 | K80: 0.95
B81: Insumo | C81: 00041681 | D81: SINAPI | E81: MEIO-FIO OU GUIA DE CONCRETO PRE-MOLDADO, COMP 80 CM, *25 X 08/08* CM (H X L1/L2) | F81: Material | H81: UN | I81: 1.2563 | J81: 25.06 | K81: 31.48
F82: MO sem LS => | G82: 7.29 | H82: LS => | I82: 0 | J82: MO com LS => | K82: 7.29
F83: Valor do BDI => | G83: 9.45 | I83: Valor com BDI => | K83: 51.97
H84: Quant. => | I84: 1021.5 | J84: Preço Total => | K84: 53087.35
B86: 4.2 | C86: Código | D86: Banco | E86: Descrição | F86: Tipo | H86: Und | I86: Quant. | J86: Valor Unit | K86: Total
B87: Composição | C87: 104658 | D87: SINAPI | E87: PISO PODOTÁTIL DE ALERTA OU DIRECIONAL, DE CONCRETO, ASSENTADO SOBRE ARGAMASSA. AF_05/2023 | F87: PISO - PISOS | H87: m² | I87: 1 | J87: 174.12 | K87: 174.12
B88: Composição Auxiliar | C88: 88309 | D88: SINAPI | E88: PEDREIRO COM ENCARGOS COMPLEMENTARES | F88: SEDI - SERVIÇOS DIVERSOS | H88: H | I88: 0.639 | J88: 25.62 | K88: 16.37
B89: Composição Auxiliar | C89: 88316 | D89: SINAPI | E89: SERVENTE COM ENCARGOS COMPLEMENTARES | F89: SEDI - SERVIÇOS DIVERSOS | H89: H | I89: 1.279 | J89: 20.32 | K89: 25.98
B90: Insumo | C90: 00034353 | D90: SINAPI | E90: ARGAMASSA COLANTE AC II | F90: Material | H90: KG | I90: 10 | J90: 2.04 | K90: 20.4
B91: Insumo | C91: 00036178 | D91: SINAPI | E91: PISO PODOTATIL DE CONCRETO - DIRECIONAL E ALERTA, *40 X 40 X 2,5* CM | F91: Material | H91: UN | I91: 6.25 | J91: 17.82 | K91: 111.37
F92: MO sem LS => | G92: 32.25 | H92: LS => | I92: 0 | J92: MO com LS => | K92: 32.25
F93: Valor do BDI => | G93: 38.7 | I93: Valor com BDI => | K93: 212.82
H94: Quant. => | I94: 23.1 | J94: Preço Total => | K94: 4916.14
B96: 4.3 | C96: Código | D96: Banco | E96: Descrição | F96: Tipo | H96: Und | I96: Quant. | J96: Valor Unit | K96: Total
B97: Composição | C97: 92397 | D97: SINAPI | E97: EXECUÇÃO DE PAVIMENTO EM PISO INTERTRAVADO, COM BLOCO RETANGULAR COR NATURAL DE 20 X 10 CM, ESPESSURA 6 CM. AF_10/2022 | F97: PAVI - PAVIMENTAÇÃO | H97: m² | I97: 1 | J97: 86.28 | K97: 86.28
B98: Composição Auxiliar | C98: 88260 | D98: SINAPI | E98: CALCETEIRO COM ENCARGOS COMPLEMENTARES | F98: SEDI - SERVIÇOS DIVERSOS | H98: H | I98: 0.2015 | J98: 23.49 | K98: 4.73
B99: Composição Auxiliar | C99: 88316 | D99: SINAPI | E99: SERVENTE COM ENCARGOS COMPLEMENTARES | F99: SEDI - SERVIÇOS DIVERSOS | H99: H | I99: 0.2015 | J99: 20.32 | K99: 4.09
B100: Composição Auxiliar | C100: 91277 | D100: SINAPI | E100: PLACA VIBRATÓRIA REVERSÍVEL COM MOTOR 4 TEMPOS A GASOLINA, FORÇA CENTRÍFUGA DE 25 KN (2500 KGF), POTÊNCIA 5,5 CV - CHP DIURNO. AF_08/2015 | F100: CHOR - CUSTOS HORÁRIOS DE MÁQUINAS E EQUIPAMENTOS | H100: CHP | I100: 0.0041 | J100: 9.76 | K100: 0.04
B101: Composição Auxiliar | C101: 91278 | D101: SINAPI | E101: PLACA VIBRATÓRIA REVERSÍVEL COM MOTOR 4 TEMPOS A GASOLINA, FORÇA CENTRÍFUGA DE 25 KN (2500 KGF), POTÊNCIA 5,5 CV - CHI DIURNO. AF_08/2015 | F101: CHOR - CUSTOS HORÁRIOS DE MÁQUINAS E EQUIPAMENTOS | H101: CHI | I101: 0.0967 | J101: 0.64 | K101: 0.06
B102: Composição Auxiliar | C102: 91283 | D102: SINAPI | E102: CORTADORA DE PISO COM MOTOR 4 TEMPOS A GASOLINA, POTÊNCIA DE 13 HP, COM DISCO DE CORTE DIAMANTADO SEGMENTADO PARA CONCRETO, DIÂMETRO DE 350 MM, FURO DE 1" (14 X 1") - CHP DIURNO. AF_08/2015 | F102: CHOR - CUSTOS HORÁRIOS DE MÁQUINAS E EQUIPAMENTOS | H102: CHP | I102: 0.0038 | J102: 10.87 | K102: 0.04
B103: Composição Auxiliar | C103: 91285 | D103: SINAPI | E103: CORTADORA DE PISO COM MOTOR 4 TEMPOS A GASOLINA, POTÊNCIA DE 13 HP, COM DISCO DE CORTE DIAMANTADO SEGMENTADO PARA CONCRETO, DIÂMETRO DE 350 MM, FURO DE 1" (14 X 1") - CHI DIURNO. AF_08/2015 | F103: CHOR - CUSTOS HORÁRIOS DE MÁQUINAS E EQUIPAMENTOS | H103: CHI | I103: 0.097 | J103: 1.14 | K103: 0.11
B104: Insumo | C104: 00000370 | D104: SINAPI | E104: AREIA MEDIA - POSTO JAZIDA/FORNECEDOR (RETIRADO NA JAZIDA, SEM TRANSPORTE) | F104: Material | H104: m³ | I104: 0.0568 | J104: 145 | K104: 8.23
B105: Insumo | C105: 00004741 | D105: SINAPI | E105: PO DE PEDRA (POSTO PEDREIRA/FORNECEDOR, SEM FRETE) | F105: Material | H105: m³ | I105: 0.0098 | J105: 140.95 | K105: 1.38
B106: Insumo | C106: 00036155 | D106: SINAPI | E106: BLOQUETE/PISO INTERTRAVADO DE CONCRETO - MODELO ONDA/16 FACES/RETANGULAR/TIJOLINHO/PAVER/HOLANDES/PARALELEPIPEDO, 20 CM X 10 CM, E = 6 CM, RESISTENCIA DE 35 MPA (NBR 9781), COR NATURAL | F106: Material | H106: m² | I106: 1.0041 | J106: 67.33 | K106: 67.6
F107: MO sem LS => | G107: 6.69 | H107: LS => | I107: 0 | J107: MO com LS => | K107: 6.69
F108: Valor do BDI => | G108: 19.18 | I108: Valor com BDI => | K108: 105.46
H109: Quant. => | I109: 2668.6 | J109: Preço Total => | K109: 281430.55
B111: 4.4 | C111: Código | D111: Banco | E111: Descrição | F111: Tipo | H111: Und | I111: Quant. | J111: Valor Unit | K111: Total
...

Sheet Curva ABC
A1: Bancos: | D1: =Orçamento!D2 -> OBRA: ESTACIONAMENTO NO CANTEIRO CENTRAL DA AV.DAS PALMEIRAS
A2: ='Planilha Analítica'!$B$2 -> SINAPI: MT 02/2024 - NÃO DESONERADA | D2: =Orçamento!D3 -> LOCAL: CANTEIRO CENTRAL DA AV. DAS PALMEIRAS (ENTRE AV.ANDRÉ MAGGI E AV.DOS IPÊS) | I2: BDI Padrão - 22,23%
A3: ='Planilha Analítica'!$B$3 -> SEINFRA: CE 10/2023 - NÃO DESONERADA | D3: =Orçamento!D4 -> BAIRRO: JARDIM IMPERIAL
A4: ='Planilha Analítica'!$B$4 -> SP-2023-NOVEMBRO -NÃO DESONERADO -CPOS/CDHU | D4: =Orçamento!D5 -> MUNICÍPIO: SINOP - MT
A7: Curva ABC de Insumos
A8: Código | B8: Banco | C8: Descrição | D8: Tipo | E8: Und | F8: Quantidade | H8: Valor Unitário | J8: Total | M8: Peso | N8: Valor Acumulado | O8: Peso Acumulado | P8: Classe
F9: Operativa | G9: Improdutiva | H9: Operativa | I9: Improdutiva | J9: Operativa | K9: Improdutiva | L9: Geral
A10: 00036155 | B10: SINAPI | C10: BLOQUETE/PISO INTERTRAVADO DE CONCRETO - MODELO ONDA/16 FACES/RETANGULAR/TIJOLINHO/PAVER/HOLANDES/PARALELEPIPEDO, 20 CM X 10 CM, E = 6 CM, RESISTENCIA DE 35 MPA (NBR 9781), COR NATURAL | D10: Material | E10: m² | F10: 2.679,5412600 | H10: 82,29 | J10: 220.499,45 | L10: 220499.45 | M10: 46,63% | N10: 220499.45 | O10: 46,63% | P10: A
A11: 00003322 | B11: SINAPI | C11: GRAMA ESMERALDA OU SAO CARLOS OU CURITIBANA, EM PLACAS, SEM PLANTIO | D11: Material | E11: m² | F11: 2.732,0000000 | H11: 19,55 | J11: 53.410,60 | L11: 53410.6 | M11: 11,30% | N11: 273910.05 | O11: 57,93% | P11: B
A12: 00041681 | B12: SINAPI | C12: MEIO-FIO OU GUIA DE CONCRETO PRE-MOLDADO, COMP 80 CM, *25 X 08/08* CM (H X L1/L2) | D12: Material | E12: UN | F12: 1.283,3104500 | H12: 30,63 | J12: 39.307,80 | L12: 39307.799 | M12: 8,31% | N12: 313217.85 | O12: 66,24% | P12: B
A13: 00000370 | B13: SINAPI | C13: AREIA MEDIA - POSTO JAZIDA/FORNECEDOR (RETIRADO NA JAZIDA, SEM TRANSPORTE) | D13: Material | E13: m³ | F13: 159,5206855 | H13: 177,23 | J13: 28.271,85 | L13: 28271.851 | M13: 5,98% | N13: 341489.7 | O13: 72,22% | P13: B
A14: 00006111 | B14: SINAPI | C14: SERVENTE DE OBRAS (HORISTA) | D14: Mão de Obra | E14: H | F14: 1.252,4818411 | H14: 18,01 | J14: 22.557,20 | L14: 22557.198 | M14: 4,77% | N14: 364046.9 | O14: 76,99% | P14: C
A15: 00002706 | B15: SINAPI | C15: ENGENHEIRO CIVIL DE OBRA JUNIOR (HORISTA) | D15: Mão de Obra | E15: H | F15: 122,0388000 | H15: 137,91 | J15: 16.830,37 | L15: 16830.371 | M15: 3,56% | N15: 380877.27 | O15: 80,55% | P15: C
A16: I2403 | B16: SEINFRA | C16: PÓ DE PEDRA | D16: Material | E16: m³ | F16: 140,1015000 | H16: 94,27 | J16: 13.207,37 | L16: 13207.368 | M16: 2,79% | N16: 394084.64 | O16: 83,35% | P16: C
A17: 00004759 | B17: SINAPI | C17: CALCETEIRO / RASTELEIRO (HORISTA) | D17: Mão de Obra | E17: H | F17: 544,8638601 | H17: 21,89 | J17: 11.927,07 | L17: 11927.07 | M17: 2,52% | N17: 406011.71 | O17: 85,87% | P17: C
A18: 00040818 | B18: SINAPI | C18: ENCARREGADO GERAL DE OBRAS (MENSALISTA) | D18: Mão de Obra | E18: MES | F18: 2,0365200 | H18: 5.693,05 | J18: 11.594,01 | L18: 11594.01 | M18: 2,45% | N18: 417605.72 | O18: 88,32% | P18: C
A19: C.10.000.028153 | B19: CPOS/CDHU | C19: Bate-roda pré-fabricado em concreto aparente liso, com chumbador para fixação, cor natural - medidas: (13x17x180cm) ou (13x17x200cm) | D19: Material | E19: M | F19: 81,0000000 | H19: 77,38 | J19: 6.267,78 | L19: 6267.78 | M19: 1,33% | N19: 423873.5 | O19: 89,65% | P19: C
A20: 00004750 | B20: SINAPI | C20: PEDREIRO (HORISTA) | D20: Mão de Obra | E20: H | F20: 227,2357688 | H20: 24,18 | J20: 5.494,56 | L20: 5494.5609 | M20: 1,16% | N20: 429368.06 | O20: 90,81% | P20: C
A21: 00004741 | B21: SINAPI | C21: PO DE PEDRA (POSTO PEDREIRA/FORNECEDOR, SEM FRETE) | D21: Material | E21: m³ | F21: 26,1522800 | H21: 172,28 | J21: 4.505,51 | L21: 4505.5148 | M21: 0,95% | N21: 433873.57 | O21: 91,76% | P21: C
... A66: 00043462 | B66: SINAPI | C66: FERRAMENTAS - FAMILIA ENGENHEIRO CIVIL - HORISTA (ENCARGOS COMPLEMENTARES - COLETADO CAIXA) | D66: Equipamento | E66: H | F66: 120,0000000 | H66: 0,01 | J66: 1,20 | L66: 1.2 | M66: 0,00% | N66: 472929.33 | O66: 100,02% | P66: C
K69: Total sem BDI | M69: 386849.91
K70: Total do BDI | M70: 85977.11
K71: Total Geral | M71: 472827.02
